Map: 블루시프트 - 래더

Players

llllllllllll

  • Race: Zerg Zerg
  • League: Grandmaster
  • Spawn Location: 7:00

SuperNova - Winner!

  • Race: Terran Terran
  • League: Grandmaster
  • Spawn Location: 1:00

VOD

Have the link to the VOD?

Description

tvz battlecruiser build

Time

  • Played on: Dec. 2, 2018, 11:53 p.m.
  • Length: 14:16
Show
View Real Time Build Order
Export as new Build Order

llllllllllll Zerg 

Build Orders: Hatch First 

Get SALT Encoding   

  12  0:00  Drone  
  13  0:12  Overlord  
  13  0:18  Drone  
  14  0:30  Drone x2  
  16  0:47  Hatchery  
  15  0:51  Drone  
  15  0:54  Drone  
  17  0:57  Drone  
  18  1:09  Extractor  
  17  1:13  Spawning Pool  
  17  1:16  Drone  
  17  1:19  Drone  
  18  1:28  Drone  
  19  1:40  Drone  
  20  1:59  Queen x2  
  20  2:00  Zergling x6  
  27  2:16  Hatchery  
  26  2:24  Drone, Overlord  
  26  2:28  Metabolic Boost  
  27  2:31  Drone  
  28  2:42  Queen, Drone  
  31  2:44  Drone  
  31  2:48  Drone  
  31  2:49  Drone  
  34  2:53  Drone  
  34  2:56  Drone  
  36  3:12  Overlord x2  
  36  3:32  Lair  
  36  3:33  Queen  
  38  3:34  Drone x4  
  38  3:35  Drone x3  
  45  3:42  Queen  
  47  3:55  Zergling x8  
  51  3:57  Drone x3  
  51  4:01  Extractor  
  53  4:02  Baneling Nest  
  53  4:04  Overlord  
  52  4:11  Baneling Nest  
  52  4:14  Queen  
  53  4:18  Drone x2  
  53  4:19  Drone  
  56  4:25  Zergling x4  
  56  4:27  Overlord  
  57  4:42  Overlord x3  
  57  4:46  Drone x5  
  57  4:47  Drone  
  57  4:49  Overseer  
  63  4:53  Spore Crawler  
  62  5:02  Zergling x4  
  62  5:03  Baneling x2, Zergling x4  
  62  5:04  Baneling  
  62  5:05  Drone x3  
  69  5:14  Spore Crawler  
  68  5:15  Spore Crawler  
  68  5:20  Extractor  
  66  5:21  Spire, Drone x2  
  66  5:22  Extractor, Drone  
  66  5:26  Drone x2  
  65  5:40  Drone x8  
  67  5:44  Drone x2  
  67  5:48  Drone x3  
  70  5:58  Drone x2  
  72  6:04  Extractor  
  72  6:05  Extractor, Queen  
  72  6:06  Drone  
  72  6:07  Baneling x3, Drone x4  
  72  6:09  Drone  
  72  6:10  Drone  
  79  6:18  Overlord  
  79  6:19  Overlord x2  
  79  6:20  Overlord  
  79  6:26  Roach Warren  
  78  6:38  Corruptor x3  
  84  6:46  Corruptor  
  84  6:47  Corruptor  
  84  6:48  Corruptor  
  90  6:57  Corruptor  
  90  6:58  Corruptor  
  90  6:59  Zerg Flyer Weapons Level 1  
  94  7:05  Drone x5  
  94  7:07  Glial Reconstitution  
  99  7:25  Evolution Chamber, Drone x10  
  99  7:26  Evolution Chamber  
  107  7:33  Corruptor  
  107  7:34  Corruptor  
  109  7:45  Overlord x3  
  109  7:53  Zerg Ground Armor Level 1, Zerg Missile Weapons Level 1  
  109  7:56  Overlord  
  109  7:58  Baneling x2  
  109  8:03  Hatchery  
  108  8:06  Corruptor x3  
  114  8:16  Roach x6  
  125  8:29  Roach x7  
  125  8:30  Roach  
  141  8:40  Zergling x2  
  141  8:41  Zergling x8  
  146  8:46  Overlord x5  
  146  8:47  Overlord  
  146  8:56  Zerg Flyer Weapons Level 2  
  146  8:58  Centrifical Hooks  
  146  9:12  Roach x8  
  155  9:22  Baneling x11  
  155  9:23  Baneling x2  
  155  9:24  Zergling x12  
  161  9:38  Zergling x24  
  156  9:46  Zergling x10  
  156  9:52  Zerg Missile Weapons Level 2  
  156  9:57  Zerg Ground Armor Level 2  
  145  10:20  Ravager x9  
  154  10:24  Zergling x10  
  154  10:25  Zergling x18  
  154  10:27  Hatchery  
  167  10:46  Zergling x28  
  136  11:22  Roach x12  
  136  11:23  Roach  
  129  11:45  Spire  
  107  12:00  Roach x5  
  107  12:01  Roach x8  
  114  12:12  Roach x6  
  114  12:14  Overseer  
  117  12:16  Queen  
  108  12:59  Corruptor x4  
  108  13:00  Corruptor x4  
  124  13:11  Ravager x2  
  126  13:13  Baneling x9  
  126  13:14  Zergling x4  
  127  13:34  Zergling x2  
  127  13:35  Zergling x20  
  127  13:36  Zergling x2  
  132  14:03  Hatchery  
Show
View Real Time Build Order
Export as new Build Order

SuperNova Terran - Winner!

Build Orders: Reaper Expand 

Get SALT Encoding   

  12  0:00  SCV  
  13  0:12  SCV  
  14  0:19  Supply Depot  
  14  0:24  SCV  
  15  0:41  SCV  
  15  0:42  Barracks  
  16  0:45  Refinery  
  16  0:53  SCV  
  17  1:05  SCV  
  18  1:17  SCV  
  19  1:29  Reaper, Orbital Command  
  20  1:42  Command Center  
  20  1:51  Supply Depot  
  20  1:54  SCV  
  20  2:00  Marine  
  22  2:07  Factory  
  23  2:08  SCV  
  23  2:14  Refinery  
  23  2:20  SCV  
  24  2:23  Barracks Reactor  
  24  2:33  SCV  
  25  2:45  SCV  
  26  2:53  Starport  
  26  2:54  Orbital Command  
  26  2:56  Refinery  
  26  2:58  SCV  
  27  3:03  Hellion  
  27  3:04  Barracks Tech Lab  
  29  3:07  Hellion  
  29  3:10  SCV  
  32  3:21  SCV  
  32  3:26  Hellion  
  35  3:28  Hellion  
  35  3:29  SCV  
  35  3:32  Fusion Core  
  38  3:39  Viking  
  40  3:46  SCV x2  
  42  3:57  Supply Depot  
  42  3:59  SCV x2  
  44  4:11  SCV x2  
  46  4:19  Battlecruiser  
  46  4:20  Supply Depot  
  46  4:23  SCV x2  
  54  4:28  Weapon Refit  
  54  4:42  SCV x2  
  54  4:43  Hellion x2  
  54  4:45  Supply Depot  
  60  4:54  SCV x2  
  60  4:56  Command Center  
  62  5:07  Supply Depot  
  62  5:08  SCV x2  
  64  5:19  Supply Depot  
  64  5:20  SCV  
  65  5:29  Battlecruiser  
  65  5:32  Hellion x2  
  65  5:45  SCV x2  
  65  5:50  Armory x2  
  65  5:57  SCV  
  66  6:05  Factory, SCV  
  66  6:07  Factory  
  66  6:09  SCV  
  66  6:10  Refinery  
  66  6:11  Barracks Tech Lab, Hellion x2  
  72  6:14  Orbital Command  
  72  6:18  SCV  
  73  6:19  Engineering Bay  
  73  6:22  SCV  
  74  6:30  SCV  
  75  6:34  SCV  
  75  6:39  Terran Vehicle And Ship Armor Level 1, Terran Ship Weapons Level 1  
  76  6:41  Starport Tech Lab  
  76  6:46  Orbital Command  
  80  6:47  Hellion x2  
  80  6:52  SCV  
  80  6:53  SCV  
  82  7:01  Cyclone x2, Mag-Field Accelerator, Missile Turret  
  88  7:04  Missile Turret  
  88  7:05  SCV  
  88  7:06  SCV  
  88  7:07  Supply Depot x2  
  90  7:13  SCV  
  91  7:16  Hellion  
  91  7:17  SCV  
  91  7:18  Hellion, SCV  
  91  7:19  Hellion x6  
  91  7:20  Refinery  
  99  7:23  Refinery, Missile Turret  
  99  7:24  Missile Turret  
  99  7:25  SCV  
  98  7:33  SCV  
  98  7:36  Cyclone x2  
  105  7:38  Hellion  
  105  7:39  Hellion  
  105  7:42  SCV x2  
  111  7:45  SCV  
  111  7:51  Supply Depot  
  112  7:52  Supply Depot  
  112  7:54  SCV  
  112  7:55  Battlecruiser  
  119  7:59  SCV  
  119  8:00  Command Center  
  120  8:06  Hellion x2  
  120  8:08  SCV  
  125  8:14  Factory, Barracks Reactor, Supply Depot  
  125  8:15  Factory  
  125  8:16  SCV x2  
  127  8:20  Supply Depot, SCV  
  127  8:25  Cyclone  
  131  8:27  Cyclone  
  131  8:31  SCV  
  135  8:38  Hellion x2, SCV  
  140  8:45  Infernal Pre-Igniter, Smart Servos  
  140  8:47  SCV x2  
  142  8:51  SCV  
  143  8:59  SCV  
  143  9:01  Supply Depot  
  143  9:02  Supply Depot  
  144  9:04  Cyclone x2  
  144  9:05  Supply Depot x2  
  144  9:07  Missile Turret  
  150  9:16  Hellion x2  
  154  9:21  Command Center  
  154  9:25  Factory Tech Lab  
  154  9:29  Terran Vehicle And Ship Armor Level 2  
  154  9:30  Terran Ship Weapons Level 2  
  148  9:43  Cyclone  
  149  9:48  Cyclone  
  149  9:51  Cyclone  
  145  10:01  Hellion x2  
  145  10:04  Planetary Fortress  
  149  10:07  SCV  
  149  10:12  SCV x2  
  152  10:15  Cyclone  
  152  10:16  Banshee, Cloaking Field  
  158  10:22  Starport x2, Hellion x2  
  158  10:23  SCV  
  158  10:26  SCV x2  
  165  10:29  Refinery x2  
  165  10:35  Sensor Tower, SCV  
  166  10:37  Cyclone  
  166  10:40  SCV  
  170  10:46  SCV x2  
  170  10:49  Cyclone  
  175  10:50  Hellion x3  
  179  11:01  Banshee  
  179  11:03  Cyclone  
  157  11:16  Cyclone  
  147  11:19  Orbital Command  
  147  11:21  Cyclone  
  147  11:25  Hellion  
  138  11:33  Hellion, SCV  
  138  11:38  Orbital Command  
  137  11:54  Supply Depot  
  137  11:55  Supply Depot  
  137  11:57  Supply Depot x2  
  137  12:00  SCV x2  
  131  12:01  Banshee  
  131  12:04  Cyclone  
  131  12:05  Cyclone  
  131  12:06  Cyclone  
  129  12:09  Hellion  
  129  12:10  Hellion, Factory Reactor  
  129  12:12  SCV x2  
  116  12:19  SCV  
  116  12:22  Planetary Fortress  
  114  12:25  SCV  
  115  12:30  Hellion  
  115  12:35  Hellion  
  115  12:36  Cyclone, SCV x3  
  125  12:37  SCV  
  125  12:38  Cyclone  
  125  12:40  Refinery x2  
  125  12:44  Banshee  
  129  12:46  Refinery  
  129  12:49  SCV  
  133  12:51  Cyclone  
  133  12:52  Hellion  
  133  12:55  Starport Tech Lab x2  
  133  12:56  Refinery  
  133  12:57  SCV x3  
  141  12:58  Supply Depot  
  141  12:59  Supply Depot  
  141  13:00  Refinery, SCV  
  141  13:01  SCV  
  143  13:09  Cyclone, Hellion x2, SCV  
  152  13:12  SCV  
  152  13:13  SCV  
  152  13:17  Supply Depot  
  153  13:21  Cyclone  
  153  13:22  Banshee  
  153  13:23  Cyclone  
  153  13:26  SCV x2  
  164  13:27  SCV x3  
  167  13:36  Missile Turret x2, Hellion  
  167  13:38  SCV x2  
  167  13:41  Cyclone  
Tags
 
Add a new tag
Caveats
  • Supply blocks, unpowered buildings, or Contaminate may cause inaccurate times.
  • Supply counts are checked every 10 seconds.